Map: Mech-Depot LE

Players

Panda

  • Race: Zerg Zerg
  • League: Platinum
  • Spawn Location: 1:00

DarkMenGen - Winner!

  • Race: Zerg Zerg
  • League: Platinum
  • Spawn Location: 7:00

VOD

Have the link to the VOD?

Description

Time

  • Played on: Sept. 5, 2017, 1:07 p.m.
  • Length: 17:59
Show
View Real Time Build Order
Export as new Build Order

Panda Zerg 

Build Orders: Pool First, Zergling Baneling 

Get SALT Encoding   

  12  0:03  Drone  
  13  0:18  Extractor  
  12  0:24  Spawning Pool  
  11  0:29  Drone  
  11  0:33  Drone  
  13  0:42  Drone  
  14  0:47  Overlord  
  14  1:11  Zergling x4  
  14  1:12  Zergling x2  
  17  1:21  Metabolic Boost  
  17  1:23  Zergling x2  
  18  1:33  Zergling x2  
  19  1:45  Zergling x2  
  20  1:49  Baneling Nest  
  20  1:51  Queen  
  21  1:56  Zergling x2  
  22  2:07  Overlord  
  22  2:29  Zergling x4  
  23  2:35  Baneling x4  
  17  3:01  Zergling x6  
  20  3:10  Baneling x3  
  21  3:12  Zergling x2  
  20  3:39  Zergling x4  
  21  3:49  Zergling x6  
  23  3:59  Zergling x2  
  24  4:07  Zergling x2  
  22  4:18  Baneling  
  22  4:19  Baneling x3  
  22  4:34  Hatchery  
  17  4:56  Zergling x10  
  20  5:03  Zergling x2  
  20  5:11  Zergling x2  
  21  5:22  Roach Warren  
  20  5:34  Baneling x2  
  18  6:01  Zergling x10  
  18  6:06  Zergling x2  
  18  6:07  Zergling x4  
  18  6:11  Queen  
  21  6:13  Zergling x2  
  24  6:20  Baneling x2  
  24  6:21  Baneling x2  
  24  6:26  Queen  
  24  6:27  Drone x2  
  28  6:35  Drone x2  
  28  6:47  Zergling x2  
  28  6:48  Drone  
  28  6:49  Drone  
  31  6:55  Drone x2  
  33  7:07  Drone x2  
  35  7:30  Drone  
  35  7:32  Overlord x2  
  36  7:54  Roach  
  36  7:56  Drone x11  
  49  8:14  Drone x3  
  52  8:27  Overlord x2  
  52  8:28  Overlord x2  
  52  8:31  Lair  
  52  8:49  Drone x2  
  52  8:50  Drone x3  
  52  8:52  Extractor x2  
  57  9:02  Roach  
  57  9:03  Roach x3  
  63  9:21  Evolution Chamber  
  63  9:22  Evolution Chamber  
  61  9:27  Drone x3  
  61  9:28  Roach x3, Drone  
  61  9:29  Roach x2  
  61  9:30  Roach  
  77  9:41  Roach x3  
  83  9:47  Baneling  
  83  9:48  Baneling x2  
  83  9:52  Overlord  
  83  9:53  Overlord x3  
  83  10:06  Zergling x2  
  84  10:07  Overlord  
  84  10:08  Overlord  
  84  10:10  Zerg Ground Armor Level 1  
  84  10:19  Glial Reconstitution  
  84  10:23  Extractor  
  84  10:24  Drone x2  
  85  10:32  Ravager  
  86  10:45  Ravager  
  86  10:46  Ravager  
  86  10:48  Zergling x8  
  86  10:49  Zergling x10  
  97  10:59  Zergling x2  
  97  11:00  Zergling x6  
  101  11:09  Ravager  
  101  11:10  Ravager x2  
  104  11:13  Hatchery  
  103  11:21  Ravager x2  
  103  11:23  Roach  
  107  11:26  Roach  
  109  11:35  Roach  
  109  11:36  Roach x3  
  109  11:37  Zergling x2  
  109  11:38  Zergling x6  
  121  11:45  Roach  
  123  11:48  Zerg Missile Weapons Level 1  
  107  12:21  Roach  
  107  12:22  Roach x9  
  127  12:24  Zergling x6  
  127  12:27  Ravager x2  
  129  12:49  Roach x2  
  129  12:50  Roach x2  
  136  12:59  Drone  
  137  13:10  Overseer  
  85  13:39  Roach x4  
  77  13:46  Roach  
  77  13:47  Roach x7  
  88  13:58  Roach x5  
  98  14:09  Roach x3  
  103  14:19  Roach x3  
  103  14:20  Roach x2  
  72  14:53  Roach x4  
  72  14:54  Roach x3  
  86  15:16  Roach  
  86  15:17  Roach x4  
  96  15:21  Extractor  
  96  15:24  Extractor  
  94  15:34  Burrow  
  94  15:36  Tunneling Claws  
  94  15:38  Roach x2  
  98  15:56  Roach x5  
  108  16:03  Roach x2  
  108  16:04  Roach x2  
  108  16:31  Roach x4  
  108  16:32  Roach x2  
  104  16:49  Roach  
  104  16:50  Roach x10  
  116  17:08  Roach x2  
  120  17:15  Overseer  
  120  17:16  Zergling x2  
  121  17:26  Overlord  
  121  17:27  Roach x15, Overlord x5  
  121  17:30  Roach, Overlord x2  
  121  17:31  Roach x3  
Show
View Real Time Build Order
Export as new Build Order

DarkMenGen Zerg - Winner!

Build Orders: Pool First, Lurkers 

Get SALT Encoding   

  12  0:02  Drone  
  13  0:09  Drone  
  14  0:17  Overlord  
  14  0:26  Extractor  
  14  0:27  Drone  
  15  0:36  Drone  
  15  0:37  Drone  
  17  0:43  Extractor  
  17  0:48  Spawning Pool  
  15  0:51  Drone  
  15  0:56  Drone  
  17  1:12  Drone  
  18  1:23  Hatchery  
  17  1:35  Zergling x2  
  17  1:36  Zergling x2  
  19  1:41  Queen  
  21  1:48  Overlord  
  21  1:55  Metabolic Boost  
  21  2:04  Zergling x2  
  22  2:21  Zergling x4  
  24  2:31  Zergling x2  
  24  2:36  Zergling x4  
  27  2:48  Zergling x4  
  26  3:03  Drone  
  23  3:07  Drone x2  
  23  3:09  Queen  
  27  3:18  Drone x2  
  29  3:21  Drone  
  28  3:40  Zergling x8  
  27  3:44  Spine Crawler  
  23  4:00  Zergling x2  
  23  4:01  Zergling x6  
  22  4:10  Queen  
  22  4:12  Overlord  
  24  4:26  Roach Warren  
  24  4:27  Drone  
  24  4:28  Drone  
  22  4:58  Drone  
  22  4:59  Drone x3  
  21  5:03  Drone  
  21  5:22  Spine Crawler, Drone  
  21  5:40  Zergling x8  
  23  5:53  Zergling x2  
  23  5:54  Zergling x2  
  22  6:06  Drone  
  22  6:07  Drone x3  
  22  6:08  Drone  
  27  6:27  Evolution Chamber  
  27  6:30  Evolution Chamber  
  25  6:35  Spine Crawler  
  25  6:37  Drone x2  
  24  6:47  Drone x3  
  20  6:50  Drone  
  24  6:54  Drone  
  24  6:57  Drone  
  25  7:03  Drone x2  
  27  7:11  Drone  
  27  7:12  Drone  
  29  7:16  Queen  
  31  7:29  Roach x2  
  35  7:34  Overlord  
  35  7:38  Overlord  
  35  7:51  Queen  
  35  7:52  Drone x2  
  35  7:53  Drone  
  35  7:54  Spine Crawler  
  35  7:58  Zerg Missile Weapons Level 1  
  39  8:00  Zerg Ground Armor Level 1  
  39  8:02  Drone  
  39  8:05  Drone  
  41  8:12  Extractor  
  41  8:14  Lair  
  41  8:18  Drone  
  41  8:19  Drone  
  42  8:21  Drone  
  43  8:27  Queen  
  43  8:32  Drone  
  43  8:33  Drone x3  
  49  8:37  Drone x2  
  49  8:40  Extractor  
  50  8:41  Extractor  
  50  8:45  Overlord  
  49  8:52  Overlord  
  49  8:58  Drone x2  
  51  9:21  Drone  
  51  9:22  Drone x4  
  51  9:23  Drone  
  57  9:25  Drone  
  57  9:27  Drone  
  57  9:30  Hatchery  
  58  9:33  Hatchery  
  58  9:38  Roach x3  
  64  9:39  Ravager x2  
  64  9:44  Overlord  
  65  9:49  Roach  
  67  9:56  Zerg Missile Weapons Level 2  
  67  9:57  Zerg Ground Armor Level 2  
  67  9:58  Glial Reconstitution  
  67  9:59  Overlord  
  67  10:00  Overlord  
  67  10:06  Infestation Pit  
  66  10:08  Overlord x2  
  66  10:10  Hydralisk Den  
  65  10:17  Roach  
  65  10:19  Roach  
  69  10:36  Roach  
  69  10:37  Roach x5  
  69  10:39  Queen x2  
  85  10:46  Infestor x2  
  89  10:50  Hydralisk  
  89  10:51  Hydralisk  
  93  10:57  Lurker Den  
  93  11:02  Roach  
  93  11:03  Roach  
  97  11:05  Roach  
  98  11:13  Roach  
  98  11:14  Roach x2  
  98  11:15  Roach  
  106  11:24  Overlord  
  106  11:25  Overlord x2  
  106  11:39  Ravager  
  107  11:40  Overlord x3  
  107  11:56  Roach x3  
  107  11:57  Roach x4  
  93  12:19  Roach  
  93  12:20  Roach x3  
  95  12:29  Hydralisk  
  97  12:31  Lurker  
  98  12:45  Hydralisk  
  98  12:46  Hydralisk x3  
  104  12:57  Roach x2  
  108  13:17  Roach  
  108  13:18  Roach x3  
  94  13:27  Roach  
  94  13:30  Lurker x3  
  94  13:31  Lurker x2  
  78  13:56  Roach  
  78  13:57  Roach x5  
  90  14:15  Roach x2  
  94  14:17  Ravager  
  94  14:18  Ravager x3  
  94  14:20  Roach x2  
  98  14:44  Evolution Chamber  
  97  14:48  Roach  
  97  14:49  Roach x6  
  97  14:50  Evolution Chamber  
  97  14:52  Hydralisk  
  112  15:18  Infestor x2  
  112  15:19  Infestor  
  118  15:22  Muscular Augments  
  118  15:23  Hatchery, Hydralisk  
  118  15:25  Hatchery  
  118  15:26  Hatchery  
  117  15:33  Drone  
  117  15:34  Drone x2  
  120  15:45  Overseer  
  118  16:09  Lurker x2  
  118  16:10  Hydralisk  
  118  16:11  Hydralisk  
  126  16:39  Hydralisk x8  
  142  16:55  Drone  
  142  16:56  Drone x3  
  146  17:29  Hatchery  
  145  17:56  Hatchery  
Tags
 
Add a new tag
Caveats
  • Supply blocks, unpowered buildings, or Contaminate may cause inaccurate times.
  • Supply counts are checked every 10 seconds.